 Seeded DCSS version 0.29-a0-22-gbf593b16ee (webtiles) character file.

Game seed: 10000000011 (custom seed)

1605 knot the Cleaver (level 8, -10/87 HPs)
             Began as a Demonspawn Berserker on Jan 30, 2022.
             Was a Priest of Trog.
             Mangled by an orc warrior (11 damage)
             ... on level 6 of the Dungeon.
             The game lasted 00:06:17 (7077 turns).

knot the Cleaver (Demonspawn Berserker)             Turns: 7077, Time: 00:06:17

Health: -10/87     AC: 12    Str: 17    XL:     8   Next: 63%
Magic:  8/8        EV: 11    Int: 12    God:    Trog [***...]
Gold:   180        SH:  0    Dex: 12    Spells: 7/7 levels left

rFire   . . .      SeeInvis .   a - +0 hand axe
rCold   . . .      Faith    .   (no shield)
rNeg    . . .      Spirit   .   F - +0 acid dragon scales
rPois   .          Reflect  .   (no helmet)
rElec   .          Harm     .   E - +1 cloak {rCorr}
rCorr   +          Rampage  .   (no gloves)
Will    .....                   (no boots)
Stlth   ..........              (no amulet)
HPRegen 0.24/turn               g - +4 ring of protection
MPRegen 0.11/turn               (no ring)

@: berserking, very quick
A: hooves 1, powered by death 2
a: Renounce Religion, Berserk, Trog's Hand


You were on level 6 of the Dungeon.
You worshipped Trog.
Trog was most pleased with you.
You visited 1 branch of the dungeon, and saw 6 of its levels.

You collected 322 gold pieces.
You spent 142 gold pieces at shops.

Inventory:

Hand Weapons
 a - a +0 hand axe (weapon)
Missiles
 f - 184 stones (quivered)
 k - 30 sling bullets
 q - 3 poisoned darts
 v - 2 boomerangs
Armour
 c - a +0 ring mail
 E - a +1 cloak of preservation (worn)
 F - +0 acid dragon scales (worn)
Jewellery
 g - a +4 ring of protection (left hand)
Wands
 y - a wand of flame (5)
Scrolls
 b - a scroll of silence {unknown}
 i - 2 scrolls of magic mapping {unknown}
 l - a scroll of teleportation {unknown}
 n - a scroll of torment {unknown}
 o - a scroll of fear {unknown}
 t - 2 scrolls of enchant armour {unknown}
 u - 2 scrolls of vulnerability {unknown}
 w - a scroll of blinking {unknown}
 x - a scroll of immolation {unknown}
 z - 3 scrolls of identify {unknown}
 A - a scroll of acquirement {unknown}
 G - a scroll of amnesia {unknown}
 H - a scroll of fog {unknown}
Potions
 d - 2 potions of mutation {unknown}
 e - 2 potions of heal wounds {unknown}
 h - 2 potions of resistance {unknown}
 j - a potion of haste {unknown}
 m - a potion of magic {unknown}
 p - a potion of invisibility {unknown}
 r - a potion of brilliance {unknown}
 s - 2 potions of curing {unknown}
 B - a potion of cancellation {unknown}
 C - a potion of lignification {unknown}
 D - a potion of flight {unknown}
 I - a potion of might {unknown}


   Skills:
 - Level 3.0 Fighting
 + Level 10.4 Axes
 - Level 1.7 Armour
 - Level 1.7 Dodging


You had 7 spell levels left.
You didn't know any spells.
Your spell library contained the following spells:

 Spells                   Type           Power      Damage    Failure   Level
 Foxfire                  Conj/Fire      0%         2x1d4     41%         1
 Ensorcelled Hibernation  Hex/Ice        0%         N/A       56%         2
 Passwall                 Tmut/Erth      0%         N/A       56%         2
 Conjure Flame            Conj/Fire      0%         6-21      80%         3
 Inner Flame              Hex/Fire       0%         N/A       80%         3
 Swiftness                Air            0%         N/A       80%         3
 Flame Wave               Conj/Fire      0%         2d4       99%         4


Dungeon Overview and Level Annotations

Branches:
Dungeon (6/15)             Temple (0/1) D:4

Altars:
Ashenzari
Elyvilon
Wu Jian

Shops:
D:5 [


Innate Abilities, Weirdness & Mutations

You have large cloven feet.
You regenerate health from kills.


Message History

The orc warrior is lightly wounded.
The orc warrior completely misses you.
You hit the orc warrior. Your kick misses the orc warrior.
The orc warrior is lightly wounded.
The orc warrior hits you with a +0 flail!
You hit the orc warrior.
The orc warrior is lightly wounded.
The orc warrior closely misses you.
You hit the orc warrior. Your kick misses the orc warrior.
The orc warrior is moderately wounded.
You barely miss the orc warrior.
You kick the orc warrior, but do no damage.
The orc warrior is moderately wounded.
The orc warrior hits you with a +0 flail.
You closely miss the orc warrior. Your kick misses the orc warrior.
The orc warrior is moderately wounded.
The orc warrior barely misses you.
You hit the orc warrior.
The orc warrior is moderately wounded.
The orc warrior hits you with a +0 flail!
* * * LOW HITPOINT WARNING * * *
You are too injured to fight recklessly!
You are too injured to fight recklessly!
You are too injured to fight recklessly!
A red film seems to cover your vision as you go berserk!
You feel yourself moving faster!
You feel mighty!
The orc warrior hits you with a +0 flail!
* * * LOW HITPOINT WARNING * * *
You hit the orc warrior. Your kick misses the orc warrior.
The orc warrior is heavily wounded.
You closely miss the orc warrior.
The orc warrior is heavily wounded.
The orc warrior hits you with a +0 flail!
* * * LOW HITPOINT WARNING * * *
You hit the orc warrior. Your kick misses the orc warrior.
The orc warrior is severely wounded.
You hit the orc warrior. You kick the orc warrior.
The orc warrior is almost dead.
The orc warrior hits you with a +0 flail!
You die...

###############
#.............#
#.....#######.#
#....†##...##.#
#.....#....(#.#
+..8..@o...?#.#
#.....#....[#.######
#.....##...##......####
###+### ##########.....
#...... #.####. #.# ##
#.# #.#


You could see an orc warrior.

Vanquished Creatures
  Sigmund (D:6)
  A fire bat (D:6)
  3 sky beasts
  A black bear (D:6)
  2 phantoms
  A bullfrog (D:6)
  3 scorpions
  A hound (D:5)
  A centaur skeleton (D:4)
  2 orc priests (D:4)
  A bullfrog skeleton (D:6)
  An iguana (D:4)
  6 orc wizards
  2 hound skeletons (D:4)
  7 adders
  7 gnolls
  2 dart slugs
  10 orcs
  7 ball pythons
  8 endoplasms
  3 giant cockroaches
  8 goblins
  9 hobgoblins
  7 jackals (D:2)
  2 quokkas
  7 bats
  4 frilled lizards
  3 kobolds
  7 rats
117 creatures vanquished.

Notes
Turn   | Place    | Note
-------+----------+-------------------------------------------
     0 | D:1      | knot the Demonspawn Berserker began the quest for the Orb.
     0 | D:1      | Reached XP level 1. HP: 18/18 MP: 1/1
   196 | D:1      | Reached skill level 3 in Axes
   254 | D:1      | Gained mutation: You regenerate a little health from kills.
                  | [demonic ancestry]
   254 | D:1      | Reached XP level 2. HP: 24/24 MP: 2/2
   735 | D:1      | Gained mutation: You have large cloven feet. [demonic
                  | ancestry]
   735 | D:1      | Reached XP level 3. HP: 19/29 MP: 3/3
  1019 | D:1      | Reached ** piety under Trog
  1075 | D:2      | Reached skill level 4 in Axes
  1322 | D:2      | Found a faded altar of an unknown god.
  1571 | D:2      | Reached XP level 4. HP: 35/35 MP: 4/4
  2159 | D:3      | Found a broken altar of Ashenzari.
  2535 | D:3      | Reached skill level 5 in Axes
  2948 | D:4      | Noticed a scorpion
  2949 | D:4      | Reached XP level 5. HP: 41/41 MP: 5/5
  2953 | D:4      | Reached skill level 6 in Axes
  3173 | D:4      | Reached XP level 6. HP: 32/47 MP: 6/6
  3291 | D:4      | Identified the +8 hunting sling "Murmur" {freeze, rF- rC+++
                  | rN+++ Will-}
  3666 | D:4      | Found a staircase to the Ecumenical Temple.
  3807 | D:4      | Noticed a sky beast
  3822 | D:4      | Killed a sky beast
  3823 | D:4      | Reached skill level 7 in Axes
  3943 | D:4      | Reached *** piety under Trog
  4152 | D:4      | Reached XP level 7. HP: 49/52 MP: 7/7
  4309 | D:4      | Found an ornate altar of the Wu Jian Council.
  4479 | D:5      | Entered Level 5 of the Dungeon
  4704 | D:5      | Reached skill level 8 in Axes
  5041 | D:5      | Found Qoullaryn's Antique Armour Emporium.
  5051 | D:5      | Bought a glowing cloak for 142 gold pieces
  6095 | D:6      | Reached skill level 9 in Axes
  6095 | D:6      | Gained mutation: You regenerate health from kills. [demonic
                  | ancestry]
  6095 | D:6      | Reached XP level 8. HP: 58/58 MP: 8/8
  6343 | D:6      | Noticed Sigmund
  6355 | D:6      | Killed Sigmund
  6509 | D:6      | Noticed Maggie
  6516 | D:6      | Noticed Maggie
  6516 | D:6      | Maggie changed into Maggie the fire bat
  6526 | D:6      | Killed Maggie the fire bat
  6527 | D:6      | Reached skill level 10 in Axes
  7075 | D:6      | HP: 1/87 [orc warrior (13)]
  7077 | D:6      | Mangled by an orc warrior

Illustrated notes

Levels and vault maps discovered:
D:1:      shiori_arrival_oz, layout_loops_ring, chequers_serial_rivers_micro_a,
          roderic_roman_lattice
D:2:      layout_basic, hellmonk_ecumenical_altar_dog_temple,
          kennysheep_big_empty_room
D:3:      layout_basic, nicolae_ashenzari_panopticon, grunt_decor_clamped
D:4:      layout_basic, mainiacjoe_overflow_surrounded_room,
          lemuel_crystal_altar, minmay_temple_entry_slanted, minmay_surrounded
D:5:      layout_basic, serial_shops, shop_statue
D:6:      layout_loops_ring, grunt_decor_arrowhead, minmay_three_doors,
          uniq_maggie, uniq_sigmund

Skill      XL: |  1  2  3  4  5  6  7  8 |
---------------+-------------------------+-----
Axes           | 3 4 5 6 7 9 10 | 10.4
Fighting       | |  3.0
Armour         | |  1.7
Dodging        | |  1.7

Action                   |  1- 3 |  4- 6 |  7- 9 || total
-------------------------+-------+-------+-------++-------
Melee: Hand axe          |   136 |   117 |   163 ||   416
       Punch             |     1 |     1 |     3 ||     5
       Kick              |    10 |    25 |    46 ||    81
Invok: Berserk           |     2 |     3 |     7 ||    12
       Trog's Hand       |       |       |     2 ||     2
Evoke: Wand              |       |       |    23 ||    23
Armor: Ring mail         |    55 |    46 |    57 ||   158
       Animal skin       |     1 |       |       ||     1
       Acid dragon scale |       |       |    11 ||    11
Dodge: Dodged            |    81 |    52 |    67 ||   200

Table legend: (Time is in decaauts)
 A = Elapsed time spent in this place.
 B = Non-inter-level travel time spent in this place.
 C = Inter-level travel time spent in this place.
 D = Time resting spent in this place.
 E = Time spent auto-exploring this place.
 F = Levels seen in this place.
 G = Mean time per level.
                   A        B        C        D        E       F      G
               +--------+--------+--------+--------+--------+-----+--------+
         Total |   7161 |   6816 |    345 |   1725 |   4214 |   6 | 1193.5 |
       Dungeon |   7161 |   6816 |    345 |   1725 |   4214 |   6 | 1193.5 |
               +--------+--------+--------+--------+--------+-----+--------+

Top non-repeatable levels by time:
     D:5: 1605 daAuts
     D:4: 1484 daAuts
     D:2: 1109 daAuts
     D:1: 1078 daAuts
     D:6: 1014 daAuts
     D:3: 868 daAuts
